 Dungeon Crawl Stone Soup version 0.26-a0-683-g5206c1d7ac (webtiles) character file.

Game seed: 14475650333835392883

23209 zazu2006 the Covert (level 13, -5/115 HPs)
             Began as a Naga Hedge Wizard on Oct 22, 2020.
             Was a High Priest of Vehumet.
             Killed by divine providence
             ... invoked by a smoke demon
             ... summoned by an orc high priest
              (10 damage)
             ... on level 2 of the Orcish Mines.
             The game lasted 00:44:43 (15555 turns).

zazu2006 the Covert (Naga Hedge Wizard)            Turns: 15555, Time: 00:44:43

Health: -5/115     AC: 18    Str: 14    XL:     13   Next: 5%
Magic:  26/26      EV: 11    Int: 17    God:    Vehumet [*****.]
Gold:   2172       SH:  0    Dex: 12    Spells: 15/30 levels left

rFire    . . .     SeeInvis +   m - +1 dagger (elec)
rCold    . . .     Faith    +   (no shield)
rNeg     . . .     Spirit   .   k - +0 troll leather armour
rPois    +         Reflect  .   G - +1 helmet
rElec    .         Harm     .   p - +0 cloak
rCorr    +         Rampage  .   i - +2 pair of gloves
MR       ++...                  D - +0 barding
Stlth    +++++.....             c - amulet of faith
HPRegen  0.69/turn              C - ring of resist corrosion
MPRegen  0.20/turn              P - ring of protection from magic

@: very slow
A: large, see invisible, deformed body, poison resistance, slowness 2, spit
poison 1, constrict 1, AC +4
a: Spit Poison, Renounce Religion


You were on level 2 of the Orcish Mines.
You worshipped Vehumet.
Vehumet was extremely pleased with you.
You visited 2 branches of the dungeon, and saw 14 of its levels.
You also visited: Sewer, Ossuary and Bailey.

You collected 2183 gold pieces.
You spent 11 gold pieces at shops.

Inventory:

Hand Weapons
 m - a +1 dagger of electrocution (weapon)
 o - a +2 short sword of protection
 T - a +4 double sword
Armour
 i - a +2 pair of gloves (worn)
 k - a +0 troll leather armour (worn)
 p - a +0 cloak (worn)
 D - a +0 barding (worn)
 G - a +1 helmet (worn)
Jewellery
 a - an uncursed ring of flight
 c - an amulet of faith (around neck)
 C - a ring of resist corrosion (left hand)
 N - a cursed amulet of inaccuracy {unknown}
 P - a ring of protection from magic (right hand)
 S - an uncursed amulet of guardian spirit {unknown}
Wands
 l - a wand of iceblast (8)
 A - a wand of flame (16)
 L - a wand of random effects (12)
 R - a wand of digging (7)
Scrolls
 b - 2 scrolls of amnesia
 f - 9 scrolls of teleportation
 j - 4 scrolls of remove curse
 r - 5 scrolls of enchant armour
 w - 4 scrolls of immolation {unknown}
 y - 3 scrolls of fog {unknown}
 z - 3 scrolls of fear {unknown}
 B - a scroll of vulnerability {unknown}
 F - a scroll of blinking {unknown}
 H - a scroll of acquirement {unknown}
 J - 4 scrolls of enchant weapon {unknown}
 K - 2 scrolls of summoning {unknown}
 M - a scroll of noise {unknown}
 O - 4 scrolls of identify
Potions
 d - 3 potions of stabbing
 e - 8 potions of heal wounds
 g - a potion of resistance {unknown}
 h - 3 potions of magic
 n - 7 potions of curing
 q - 7 potions of lignification
 s - 2 potions of flight
 t - 5 potions of invisibility
 u - 2 potions of cancellation
 v - 4 potions of mutation {unknown}
 x - 2 potions of haste {unknown}
 E - 6 potions of brilliance
 I - 5 potions of might {unknown}
Miscellaneous
 Q - a lightning rod (4/4)


   Skills:
 + Level 7.0 Fighting
 + Level 2.0 Short Blades
 + Level 5.1 Armour
 + Level 7.3 Dodging
 + Level 13.5 Stealth
 + Level 9.0 Spellcasting
 + Level 7.0 Conjurations
   Level 1.0 Summonings
 + Level 2.6 Translocations
 + Level 1.0 Fire Magic
 + Level 0.5 Ice Magic
 + Level 5.3 Air Magic
 - Level 9.0 Poison Magic
 + Level 1.5 Evocations


You had 15 spell levels left.
You knew the following spells:

 Your Spells              Type           Power        Failure   Level
a - Magic Dart            Conj           ####         1%          1
b - Mephitic Cloud        Conj/Pois/Air  ####....     1%          3
c - Conjure Flame         Conj/Fire      ###.....     1%          3
d - Blink                 Tloc           N/A          6%          2
e - Freeze                Ice            #...         2%          1
f - Iskenderun's Battles  Conj           ####....     5%          5

Your spell library contained the following spells:

 Spells                   Type           Power        Failure   Level
 Irradiate                Conj/Tmut      ###.......   19%         5
 Call Imp                 Summ           ##......     12%         2
 Gell's Gravitas          Tloc           ###.......   12%         3
 Slow                     Hex            #.......     17%         2
 Confusing Touch          Hex            #.......     34%         3
 Yara's Violent Unravell  Hex/Tmut       #.........   58%         5
 Petrify                  Tmut/Erth      #.......     75%         4
 Metabolic Englaciation   Hex/Ice        #.........   96%         5


Dungeon Overview and Level Annotations

Branches:
Dungeon (12/15)            Temple (0/1) D:6            Lair (0/6) D:11
    Orc (2/2) D:9             Elf (0/3) Orc:2         Sewer (visited)
Ossuary (visited)          Bailey (visited)

Altars:
Ashenzari
Cheibriados
Dithmenos
Elyvilon
Gozag
Kikubaaqudgha
Makhleb
Qazlal
Ru
Sif Muna
Uskayaw
Vehumet
Xom
The Shining One

Shops:
D:6 :   D:8 !   D:12 :   Orc:2 =*

Annotations:
D:10 3 runed translucent doors, Deaus's ghost, journeyman VSFi


Innate Abilities, Weirdness & Mutations

You cannot wear boots.
Your serpentine skin is tough. (AC +4)
You have supernaturally acute eyesight. (SInv)
Armour fits poorly on your strangely shaped body.
Your system is resistant to poisons. (rPois)
You cover ground very slowly.
You can spit poison.
You can use your snake-like lower body to constrict enemies.


Message History

The hellwing swoops through the air toward you!
The hellwing hits you but does no damage. x2
The hellwing hits you.
The hellwing hits you but does no damage.
The hellwing hits you!
* * * LOW HITPOINT WARNING * * *
The hellwing hits you but does no damage.
The smoke demon gestures at you. Beogh smites you!
* * * LOW HITPOINT WARNING * * *
The hellwing misses you. The hellwing hits you.
* * * LOW HITPOINT WARNING * * *
The smoke demon gestures at you. Beogh smites you!
* * * LOW HITPOINT WARNING * * *
The hellwing closely misses you. The hellwing misses you.
There is a stone staircase leading up, spattered with blood here.
The smoke demon gestures at you. Beogh smites you!
You die...

>.............#(............#....
...(.........##......(...........
(.(#................#............
..###)..............#............
).####......[....#...............
.[#.#............#......###......
.......#.............#..#(#......
..#.#.##.......)..#.##..###......
...##.......[...@[...............
...#.......##..4....)............
..................o......##......
..............#...........#.#....
.........##.###...3.o........###.
..........####.....)......#.## #.
..##.....## ##....#...####.## #.
###....#.## ##.####.## #...####
###.#...# #####...# ##...# #


You could see an orc high priest, a hellwing (summoned), a smoke demon
(summoned) and an orc warrior.

Vanquished Creatures
  A sphinx (D:12)
  Harold (D:11)
  A hydra (D:11)
  A two-headed ogre (D:11)
  An orc high priest (Orc:2)
  Sonja (D:11)
  Nergalle (D:10)
  Urug (Orc:2)
  10 orc knights
  An ugly thing (D:11)
  2 orc sorcerers (Orc:2)
  2 cyclopes
  2 centaur zombies
  Prince Ribbit (D:9)
  4 trolls (Orc:1)
  A slime creature (D:12)
  A hornet (D:7)
  Sigmund (D:2)
  A wyvern (D:9)
  2 wraiths
  A vampire mosquito (D:12)
  4 wargs (Orc:1)
  A soldier ant (D:11)
  A water moccasin (D:9)
  Duvessa (D:4)
  Purgy (Sewer)
  2 ice beasts
  2 sky beasts
  28 orc warriors
  2 black bears
  A necrophage (D:11)
  10 ogres
  3 phantoms
  13 centaurs
  A big kobold (D:10)
  Blork the orc (D:3)
  12 bullfrogs
  3 gnoll sergeants
  5 scorpions
  Dowan (D:4)
  3 howler monkeys
  A bullfrog skeleton (D:5)
  Crazy Yiuf (D:3)
  A centaur skeleton (D:5)
  3 hounds
  4 jellies
  12 orc priests
  6 worker ants
  2 iguanas
  17 orc wizards
  2 hound zombies (D:11)
  3 hound skeletons
  8 mummies (Ossuary)
  A worker ant zombie (D:5)
  14 adders
  19 gnolls
  A howler monkey skeleton (D:5)
  2 shadow imps
  A white imp (D:9)
  An ufetubus (D:9)
  An ooze (D:1)
  2 adder zombies
  2 adder skeletons
  3 worms
  2 dart slugs
  2 leopard geckos
  93 orcs
  3 giant cockroaches
  2 gnoll zombies (Ossuary)
  7 goblins
  6 hobgoblins
  6 jackals
  3 quokkas
  10 bats
  4 frilled lizards
  3 hobgoblin zombies (Ossuary)
  13 kobolds
  3 orc zombies (Ossuary)
  3 quokka skeletons
  A quokka zombie (D:5)
  10 rats
410 creatures vanquished.

Vanquished Creatures (others)
  7 fungi (D:11)
  11 plants (D:11)
18 creatures vanquished.

Grand Total: 428 creatures vanquished

Notes
Turn   | Place    | Note
-------+----------+-------------------------------------------
     0 | D:1      | zazu2006 the Naga Hedge Wizard began the quest for the Orb.
     0 | D:1      | Reached XP level 1. HP: 15/15 MP: 4/4
   413 | D:1      | Reached XP level 2. HP: 20/22 MP: 0/6
  1078 | D:1      | Reached XP level 3. HP: 19/28 MP: 4/8
  1083 | D:1      | Learned a level 3 spell: Mephitic Cloud
  1087 | D:1      | Learned a level 3 spell: Conjure Flame
  1090 | D:1      | Learned a level 2 spell: Blink
  1736 | D:2      | Reached skill level 1 in Poison Magic
  1786 | D:2      | Found a white marble altar of Elyvilon.
  1872 | D:2      | Found a broken altar of Ashenzari.
  1984 | D:2      | Reached XP level 4. HP: 36/36 MP: 6/9
  2517 | D:2      | Noticed Sigmund
  2547 | D:2      | Killed Sigmund
  2547 | D:2      | Reached skill level 4 in Stealth
  2547 | D:2      | Reached XP level 5. HP: 25/43 MP: 1/11
  2547 | D:2      | Reached XP level 6. HP: 30/50 MP: 1/12
  2734 | D:3      | Found a snail-covered altar of Cheibriados.
  2796 | D:3      | Found a runed translucent door.
  2797 | D:3      | Noticed Crazy Yiuf
  2810 | D:3      | Killed Crazy Yiuf
  2879 | D:3      | Found a radiant altar of Vehumet.
  2884 | D:3      | Became a worshipper of Vehumet
  2944 | D:3      | Noticed Blork the orc
  2951 | D:3      | Killed Blork the orc
  2954 | D:3      | Found a shimmering blue altar of Sif Muna.
  3039 | D:3      | Reached skill level 1 in Fighting
  3040 | D:3      | Found a glowing drain.
  3049 | Sewer    | Entered a sewer
  3135 | Sewer    | Reached XP level 7. HP: 57/57 MP: 14/14
  3159 | Sewer    | Noticed Purgy
  3168 | Sewer    | Killed Purgy
  3939 | D:3      | Found an opulent altar of Gozag.
  4006 | D:4      | Found a burning altar of Makhleb.
  4059 | D:4      | Reached skill level 5 in Stealth
  4263 | D:4      | Noticed Duvessa
  4264 | D:4      | Noticed Dowan
  4292 | D:4      | Killed Dowan
  4317 | D:4      | Killed Duvessa
  4317 | D:4      | Reached skill level 5 in Spellcasting
  4317 | D:4      | Reached XP level 8. HP: 42/68 MP: 9/15
  4481 | D:4      | Reached * piety under Vehumet
  4481 | D:4      | Offered knowledge of Shock by Vehumet.
  4766 | D:4      | Reached skill level 6 in Stealth
  5105 | D:4      | Reached skill level 5 in Poison Magic
  5241 | D:5      | Entered Level 5 of the Dungeon
  5540 | D:5      | Reached skill level 1 in Air Magic
  5574 | D:5      | Found a shadowy altar of Dithmenos.
  5592 | D:5      | Reached ** piety under Vehumet
  5592 | D:5      | Offered knowledge of Freeze by Vehumet.
  5686 | D:5      | Learned a level 1 spell: Freeze
  5872 | D:6      | Found Fusk's Book Emporium.
  5907 | D:6      | Reached XP level 9. HP: 63/78 MP: 10/17
  5910 | D:6      | Reached skill level 7 in Stealth
  6052 | D:6      | Reached skill level 1 in Armour
  6082 | D:6      | Found an ancient bone altar of Kikubaaqudgha.
  6123 | D:6      | Found a glowing golden altar of the Shining One.
  6327 | D:6      | Offered knowledge of Static Discharge by Vehumet.
  6799 | D:6      | Found a staircase to the Ecumenical Temple.
  6961 | D:7      | Found a stormy altar of Qazlal.
  7012 | D:7      | Reached *** piety under Vehumet
  7012 | D:7      | Reached skill level 8 in Stealth
  7126 | D:7      | Offered knowledge of Frozen Ramparts by Vehumet.
  7133 | D:7      | Found a sand-covered staircase.
  7142 | Ossuary  | Entered an ossuary
  7702 | D:7      | Identified the +4 ring mail of Ykorrecaps {Harm rC+}
  7716 | D:7      | Reached XP level 10. HP: 66/87 MP: 15/19
  7730 | D:7      | Reached skill level 5 in Dodging
  7938 | D:7      | Found a hide-covered altar of Uskayaw.
  7939 | D:7      | Noticed a +4 dagger
  7939 | D:7      | Noticed a +0 hand axe
  8358 | D:7      | Reached skill level 9 in Stealth
  8815 | D:8      | Found Lal Kys's Distillery.
  8823 | D:8      | Bought a potion of degeneration for 11 gold pieces
  9270 | D:8      | You fall into a shaft and drop 2 floors!
  9270 | D:10     | Entered Level 10 of the Dungeon
  9348 | D:9      | Reached skill level 5 in Fighting
  9631 | D:9      | Noticed Prince Ribbit
  9632 | D:9      | Found a staircase to the Orcish Mines.
  9635 | D:9      | Killed Prince Ribbit
  9670 | D:9      | Reached **** piety under Vehumet
  9915 | D:9      | Found a shimmering altar of Xom.
 10262 | D:8      | Found a sacrificial altar of Ru.
 10506 | Orc:1    | Entered Level 1 of the Orcish Mines
 10506 | Orc:1    | Found a flagged portal.
 10521 | Orc:1    | Reached skill level 5 in Conjurations
 10571 | Bailey   | Entered a bailey
 10766 | Bailey   | Offered knowledge of Sticky Flame by Vehumet.
 10871 | Bailey   | Reached skill level 10 in Stealth
 10986 | Bailey   | Noticed an orc knight
 10986 | Bailey   | Noticed an orc knight
 10987 | Bailey   | Noticed an orc knight
 11026 | Bailey   | Noticed an orc knight
 11035 | Bailey   | Noticed an orc knight
 11051 | Bailey   | Killed an orc knight
 11053 | Bailey   | HP: 2/88 [orc knight/+0 glaive (15)]
 11056 | Bailey   | Killed an orc knight
 11067 | Bailey   | Killed an orc knight
 11067 | Bailey   | Reached XP level 11. HP: 21/96 MP: 8/21
 11068 | Bailey   | Killed an orc knight
 11075 | Bailey   | Killed an orc knight
 11101 | Bailey   | Noticed an orc knight
 11188 | Bailey   | Killed an orc knight
 11473 | Orc:2    | Entered Level 2 of the Orcish Mines
 11473 | Orc:2    | Noticed Urug
 11473 | Orc:2    | Noticed an orc knight
 11524 | D:10     | Noticed Nergalle
 11531 | D:10     | Reached ***** piety under Vehumet
 11541 | D:10     | Offered knowledge of Iskenderun's Battlesphere by Vehumet.
 11543 | D:10     | Killed Nergalle
 11549 | D:10     | Reached skill level 1 in Evocations
 11749 | D:10     | Reached skill level 11 in Stealth
 11868 | D:10     | Found a runed translucent gate.
 11868 | D:10     | Found a runed translucent gate.
 11868 | D:10     | Found a runed translucent gate.
 11868 | D:10     | Noticed Deaus's ghost (journeyman VSFi)
 11936 | D:11     | Noticed a green ugly thing
 11954 | D:11     | Killed a green ugly thing
 12100 | D:11     | Noticed Sonja
 12114 | D:11     | Killed Sonja
 12116 | D:11     | Noticed a cyclops
 12141 | D:11     | Killed a cyclops
 12260 | D:11     | Found a staircase to the Lair.
 12311 | D:11     | Noticed a five-headed hydra
 12312 | D:11     | Noticed a two-headed ogre
 12325 | D:11     | Killed a five-headed hydra
 12344 | D:11     | Noticed Harold
 12349 | D:11     | Killed a two-headed ogre
 12367 | D:11     | Killed Harold
 12367 | D:11     | Reached XP level 12. HP: 55/103 MP: 17/24
 12991 | D:12     | Reached skill level 1 in Fire Magic
 13012 | D:12     | Noticed a sphinx
 13035 | D:12     | Killed a sphinx
 13152 | D:12     | Reached skill level 12 in Stealth
 13311 | D:12     | Found Boerremi's Book Shop.
 13339 | D:12     | Reached skill level 5 in Armour
 13680 | Orc:1    | Learned a level 5 spell: Iskenderun's Battlesphere
 13717 | Orc:1    | Offered knowledge of Irradiate by Vehumet.
 14504 | Orc:1    | Reached skill level 1 in Short Blades
 14751 | Orc:2    | Found a staircase to the Elven Halls.
 14871 | Orc:2    | Reached skill level 5 in Air Magic
 15019 | Orc:2    | Found Dikaot's Jewellery Boutique.
 15105 | Orc:2    | Killed Urug
 15105 | Orc:2    | Reached skill level 13 in Stealth
 15360 | Orc:2    | Found Kitau's Assorted Antiques.
 15368 | Orc:2    | Noticed an orc high priest
 15374 | Orc:2    | Noticed an orc high priest
 15391 | Orc:2    | Killed an orc high priest
 15436 | Orc:2    | Gained mutation: You can use your snake-like lower body to
                  | constrict enemies. [Naga growth]
 15436 | Orc:2    | Reached XP level 13. HP: 92/115 MP: 23/26
 15554 | Orc:2    | HP: 5/115 [smoke demon/divine providence[an orc high
                  | priest] (16)]
 15555 | Orc:2    | Killed from afar by a smoke demon

Illustrated notes

Levels and vault maps discovered:
D:1:      dpeg_arrival_rooms_c, layout_loops_ring, minmay_tromino_i2
D:2:      layout_loops_ring, old_standard_altar, nicolae_ashenzari_panopticon,
          cheibrodos_gnoll_hut, uniq_sigmund
D:3:      layout_basic, grunt_gozag_breadcrumbs, cheibriados_altar_1,
          lemuel_doored_altar, tgw_sif, portal_sewer_entry_d,
          uniq_crazy_yiuf_cottage
D:4:      layout_rooms, lemuel_crystal_altar, lightli_minifort, uniq_duvessa
D:5:      layout_rooms, nicolae_dithmenos_through_a_glass_darkly
D:6:      minmay_cornered_nines, layout_rooms, kiku_gazebo_pond_becter,
          minmay_temple_entry_glassed_door, serial_shops, shop,
          minmay_ruined_shrine
D:7:      layout_basic, dancing_weapons_uskayaw, lemuel_round_altar,
          nicolae_ossuary_entry_monument
D:8:      layout_loops_ring, nicolae_ru_awakened_eye, serial_shops, shop
D:9:      layout_irregular_city, lemuel_coloured_pillars_altar, orc_0_dummy,
          uniq_prince_ribbit1
D:10:     layout_rooms, ebering_ghost_rock_garden, minivault_16, uniq_nergalle
D:11:     layout_long_grid, grunt_lair_entry_orc_guard_hut, uniq_harold,
          uniq_sonja
D:12:     layout_basic, serial_shops, shop, minmay_three_doors
Orc:1:    cheibrodos_orc_arena, layout_diamond_mine, enter_bailey_2
Orc:2:    st_orc_elflike, layout_diamond_mine, serial_shops, shop,
          sword_in_stone

Skill      XL: |  1  2  3  4  5  6  7  8  9 10 11 12 13 |
---------------+----------------------------------------+-----
Dodging        | 2 3 4 5 6 7 |  7.3
Poison Magic   | 1 3 4 6 7 8 9 |  9.0
Spellcasting   | 4 5 6 7 8 9 |  9.0
Stealth        | 4 5 6 8 10 11 13 | 13.5
Conjurations   | 2 3 4 5 6 7 |  7.0
Fighting       | 1 2 4 5 6 7 |  7.0
Air Magic      | 1 2 3 4 5 |  5.3
Armour         | 2 4 5 |  5.1
Evocations     | 1 |  1.5
Translocations | 2 |  2.6
Fire Magic     | 1 |  1.0
Short Blades   | 2 |  2.0
Summonings     | |  1.0
Ice Magic      | |  0.5

Action                   |  1- 3 |  4- 6 |  7- 9 | 10-12 | 13-15 || total
-------------------------+-------+-------+-------+-------+-------++-------
Melee: Whip              |    34 |       |       |       |       ||    34
       Dagger            |     2 |     1 |   446 |   809 |    10 ||  1268
       Short sword       |     2 |    58 |       |       |       ||    60
       Constrict         |       |       |       |       |     2 ||     2
 Cast: Magic Dart        |    60 |    55 |    92 |    52 |     1 ||   260
       Mephitic Cloud    |       |     4 |    22 |   110 |     2 ||   138
       Blink             |       |       |     1 |    12 |       ||    13
       Conjure Flame     |       |       |     1 |     6 |       ||     7
       Freeze            |       |       |       |     4 |       ||     4
 Abil: Spit Poison       |     2 |     7 |    29 |    48 |       ||    86
Evoke: Wand              |       |       |       |     9 |       ||     9
  Use: Scroll            |       |     3 |       |    10 |       ||    13
       Potion            |       |       |       |     2 |       ||     2
 Stab: Sleeping          |     2 |     2 |     9 |    12 |       ||    25
       Confused          |       |     1 |    12 |    49 |     2 ||    64
Armor: Robe              |    16 |    35 |    50 |       |       ||   101
       Leather armour    |       |       |    95 |    95 |       ||   190
       Troll leather arm |       |       |       |   359 |     8 ||   367
Dodge: Dodged            |    17 |    55 |   237 |   428 |     8 ||   745

Table legend: (Time is in decaauts)
 A = Elapsed time spent in this place.
 B = Non-inter-level travel time spent in this place.
 C = Inter-level travel time spent in this place.
 D = Time resting spent in this place.
 E = Time spent auto-exploring this place.
 F = Levels seen in this place.
 G = Mean time per level.
                   A        B        C        D        E       F      G
               +--------+--------+--------+--------+--------+-----+--------+
         Total |  18830 |  18266 |    564 |    950 |  12502 |  17 | 1107.6 |
       Dungeon |  14532 |  13988 |    544 |    193 |  10685 |  12 | 1211.0 |
  Orcish Mines |   2563 |   2543 |     20 |    346 |   1181 |   2 | 1281.5 |
         Sewer |    262 |    262 |      0 |      0 |    207 |   1 |  262.0 |
       Ossuary |    577 |    577 |      0 |    171 |    227 |   1 |  577.0 |
        Bailey |    895 |    895 |      0 |    240 |    201 |   1 |  895.0 |
               +--------+--------+--------+--------+--------+-----+--------+

Top non-repeatable levels by time:
   Orc:1: 1693 daAuts
     D:1: 1622 daAuts
     D:2: 1592 daAuts
     D:7: 1517 daAuts
     D:4: 1427 daAuts
    D:11: 1347 daAuts
     D:3: 1329 daAuts
     D:9: 1287 daAuts
     D:6: 1282 daAuts
     D:8: 1092 daAuts
  Bailey: 895 daAuts
   Orc:2: 869 daAuts
     D:5: 780 daAuts
    D:12: 734 daAuts
 Ossuary: 577 daAuts
